 Dungeon Crawl Stone Soup version 0.31-a0-963-ga325b2283a (webtiles) character file.

Game seed: 8578863418026498920

1424 IdlyInterested the Blocker (level 8, -2/60 HPs)
             Began as a Demonspawn Fighter on Oct 25, 2023.
             Killed from afar by an electric eel (7 damage)
             ... with a bolt of electricity
             ... on level 6 of the Dungeon.
             The game lasted 00:22:17 (5909 turns).

IdlyInterested the Blocker (Demonspawn Fighter)     Turns: 5909, Time: 00:22:18

Health: -2/60      AC:  4    Str: 26    XL:     8   Next: 44%
Magic:  0/8        EV: 12    Int: 10    God:
Gold:   347        SH:  6    Dex: 14    Spells: 7/7 levels left

rFire   + . .        P - +4 trident
rCold   . . .        b - +0 buckler
rNeg    . . .        Q - +0 troll leather armour {Pargi}
rPois   .            (helmet restricted)
rElec   .            x - +0 cloak
rCorr   .            (no gloves)
SInv    .            (no boots)
Will    .....        G - amulet "Ceqosi" {Spirit rF+ Str+3}
Stlth   +            t - +6 ring of strength
HPRegen 1.10/turn    (no ring)
MPRegen 0.11/turn

%: guardian spirit
@: attractive
A: horns 2, powered by death 1
a: no special abilities


You were on level 6 of the Dungeon.
You visited 2 branches of the dungeon, and saw 7 of its levels.
You also visited: Sewer.

You collected 347 gold pieces.

Inventory:

Hand Weapons
 a - a +0 long sword
 c - a +0 falchion
 d - a +0 dagger
 e - a +0 short sword
 g - a +0 morningstar
 l - a +2 dagger of speed
 o - a +0 hand axe
 y - a +0 mace
 C - a +0 war axe
 D - a +0 spear
 P - a +4 trident (weapon)
Missiles
 f - 23 stones (quivered)
 r - 12 poisoned darts
 w - 3 darts of dispersal
 A - 5 boomerangs
Armour
 b - a +0 buckler (worn)
 x - a +0 cloak (worn)
 H - an orb of light
 J - a +0 plate armour
 Q - a +0 troll leather armour (worn) {Pargi}
Jewellery
 t - a +6 ring of strength (left hand)
 z - an amulet of magic regeneration
 G - the amulet "Ceqosi" (around neck) {Spirit rF+ Str+3}
   (You found it on level 4 of the Dungeon)

   [amulet of guardian spirit]

   Spirit:    It causes incoming damage to be divided between your reserves of
   health and magic.
   Str+3:     It affects your strength (+3).
   rF+:       It protects you from fire.
Talismans
 O - a maw talisman
Wands
 F - a wand of flame (21)
Scrolls
 k - 2 scrolls of immolation
 m - a scroll of revelation
 n - a scroll of enchant armour
 q - a scroll of fog
 u - a scroll of vulnerability
 v - a scroll of noise {unknown}
 K - a scroll of poison {unknown}
 L - a scroll of butterflies {unknown}
 N - 2 scrolls of teleportation {unknown}
Potions
 h - a potion of heal wounds {unknown}
 i - 2 potions of brilliance
 j - a potion of enlightenment {unknown}
 s - a potion of lignification
 B - a potion of invisibility {unknown}
 E - a potion of degeneration {unknown}
 I - a potion of resistance {unknown}
 M - a potion of curing


   Skills:
 - Level 4.0 Fighting
 - Level 2.0 Throwing
 - Level 3.0 Armour
 - Level 3.0 Dodging
 + Level 1.0 Stealth
 * Level 8.4 Shields
 - Level 1.7 Unarmed Combat
 - Level 2.0 Evocations


You had 7 spell levels left.
You didn't know any spells.
Your spell library contained the following spells:

 Spells                   Type           Power      Damage    Failure   Level
 Summon Small Mammal      Summ           0%         N/A       43%         1
 Call Canine Familiar     Summ           0%         N/A       82%         3
 Summon Guardian Golem    Hex/Summ       0%         N/A       82%         3


Dungeon Overview and Level Annotations

Branches:
Dungeon (6/15)             Temple (1/1) D:4           Sewer (visited)

Altars:
Ashenzari
Cheibriados
Dithmenos
Fedhas
Gozag
Hepliaklqana
Kikubaaqudgha
Makhleb
Nemelex Xobeh
Okawaru
Qazlal
Sif Muna
Trog
Uskayaw
Wu Jian
Xom
Yredelemnul

Shops:
D:6 ?

Annotations:
D:6 1 transporter


Innate Abilities, Weirdness & Mutations

You have a pair of horns on your head.
You regenerate a little health from kills.


Message History

You open the door.
The electric eel shoots out a bolt of lightning at you!
The bolt of electricity hits you! x2
The electric eel shoots out a bolt of lightning at you!
The bolt of electricity misses you. The bolt of electricity hits you.
The bolt of electricity hits the plant!
The plant begins to die.
The electric eel shoots out a bolt of lightning at you!
The bolt of electricity hits you! x2
There is an open door here.
The electric eel shoots out a bolt of lightning at you!
The bolt of electricity hits you!
* * * LOW HITPOINT WARNING * * *
The bolt of electricity hits you!
* * * LOW HITPOINT WARNING * * *
You are confused.
You feel invigorated.
You hit the electric eel but do no damage.
You headbutt the electric eel!
The electric eel is heavily wounded.
The electric eel shoots out a bolt of lightning at you!
The bolt of electricity hits you!
* * * LOW HITPOINT WARNING * * *
The electric eel shoots out a bolt of lightning at you!
The bolt of electricity misses you. The bolt of electricity hits you!
* * * LOW HITPOINT WARNING * * *
You feel better.
You feel less invigorated.
A nearby plant withers and dies.
The electric eel shoots out a bolt of lightning at you!
The bolt of electricity hits you!
* * * LOW HITPOINT WARNING * * *
You barely miss the electric eel.
The electric eel is heavily wounded.
The electric eel shoots out a bolt of lightning at you!
The bolt of electricity hits you.
* * * LOW HITPOINT WARNING * * *
The electric eel shoots out a bolt of lightning at you!
The bolt of electricity hits you.
* * * LOW HITPOINT WARNING * * *
The electric eel shoots out a bolt of lightning at you!
The bolt of electricity misses you. The bolt of electricity hits you!
You die...

##.......########## ##..##.##.#
######
##############...##.##.#####.)..#
.#.............©............'##[.
.#.####.....#######..#......#~~#.
.#.####.##..#8.©.8#..<.....##~~##
....##......#P...~#..###.#.#~~~~#
.^......##..###'###..# #.#.#~~~~#
....###.....#~..@S#..# #.#.##~~##
.#.## #.....#~...S#..# #....#~~#.
.#.####.....#~...~#..# ###.##''##
.#..........#~.⌠.~#.## #.#~.~~#
...####.....#~...~#.# #.######
##.######†#.#~...~#.# #.......
##.##.....#.#~...~#.######......#
##.##.....#.###+###..............
##.##..#..#.#P.(.P#..............


You could see 2 electric eels.

Vanquished Creatures
  Prince Ribbit (D:5)
  The ghost of Runia the Chiller, an amateur MfIE (D:4)
  An orc warrior (D:6)
  Pargi (Sewer)
  A sky beast (D:3)
  A black bear (D:5)
  An ice beast (D:6)
  An ogre (D:5)
  A bullfrog (D:6)
  A scorpion (D:4)
  A jelly (D:5)
  2 hounds (D:5)
  4 iguanas
  2 orc wizards
  12 adders
  A white imp (D:5)
  A dart slug (D:3)
  17 orcs
  2 endoplasms (D:2)
  2 giant cockroaches (D:1)
  2 goblins
  7 hobgoblins
  7 quokkas
  7 ball pythons
  4 bats
  A frilled lizard (Sewer)
  8 kobolds
  8 rats
98 creatures vanquished.

Vanquished Creatures (others)
  An orc wizard (D:3)
1 creature vanquished.

Grand Total: 99 creatures vanquished

Notes
Turn   | Place    | Note
-------+----------+-------------------------------------------
     0 | D:1      | IdlyInterested the Demonspawn Fighter began the quest for
                  | the Orb.
     0 | D:1      | Reached XP level 1. HP: 18/18 MP: 1/1
   374 | D:1      | Reached skill level 1 in Dodging
   374 | D:1      | Gained mutation: You have a pair of small horns on your
                  | head. [demonic ancestry]
   374 | D:1      | Reached XP level 2. HP: 24/24 MP: 2/2
  1182 | D:2      | Reached skill level 3 in Shields
  1232 | D:2      | Reached skill level 1 in Stealth
  1284 | D:2      | Reached XP level 3. HP: 29/29 MP: 3/3
  1357 | D:2      | Found a faded altar of an unknown god.
  1757 | D:2      | Reached skill level 1 in Throwing
  2033 | D:2      | Gained mutation: You have a pair of horns on your head.
                  | [demonic ancestry]
  2033 | D:2      | Reached XP level 4. HP: 16/35 MP: 4/4
  2354 | D:3      | Reached skill level 4 in Shields
  2354 | D:3      | Reached skill level 1 in Evocations
  2553 | D:3      | Found an ornate altar of the Wu Jian Council.
  2584 | D:3      | Found a shimmering blue altar of Sif Muna.
  2601 | D:3      | Found a broken altar of Ashenzari.
  2667 | D:3      | Reached XP level 5. HP: 31/41 MP: 5/5
  2725 | D:3      | Found a stormy altar of Qazlal.
  2725 | D:3      | Noticed a sky beast
  2743 | D:3      | Killed a sky beast
  3212 | D:4      | Reached skill level 5 in Shields
  3212 | D:4      | Gained mutation: You regenerate a little health from kills.
                  | [demonic ancestry]
  3212 | D:4      | Reached XP level 6. HP: 48/48 MP: 6/6
  3242 | D:4      | Found an opulent altar of Gozag.
  3271 | D:4      | Found a snail-covered altar of Cheibriados.
  3315 | D:4      | Found a staircase to the Ecumenical Temple.
  3323 | Temple   | Entered the Ecumenical Temple
  3528 | D:4      | Identified the amulet "Ceqosi" {Spirit rF+ Str+3}
  3638 | D:4      | Found a runed translucent gate.
  3639 | D:4      | Found a runed translucent gate.
  3639 | D:4      | Found a runed translucent gate.
  3640 | D:4      | Noticed Runia's ghost (amateur MfIE)
  3855 | D:4      | Killed Runia's ghost
  4000 | D:5      | Entered Level 5 of the Dungeon
  4068 | D:5      | Reached skill level 6 in Shields
  4068 | D:5      | Reached XP level 7. HP: 39/54 MP: 3/7
  4621 | D:5      | Noticed Prince Ribbit
  4642 | D:5      | Killed Prince Ribbit
  4643 | D:5      | Reached skill level 7 in Shields
  4910 | D:6      | Found a transporter.
  4921 | D:6      | Reached XP level 8. HP: 60/60 MP: 8/8
  4961 | D:6      | Found a glowing drain.
  4965 | Sewer    | Entered a sewer
  5075 | Sewer    | Noticed Pargi
  5087 | Sewer    | Killed Pargi
  5508 | D:6      | Found a transporter.
  5697 | D:6      | Reached skill level 8 in Shields
  5750 | D:6      | Found Niejor's Magic Scroll Shop.
  5907 | D:6      | HP: 1/60 [electric eel/bolt of electricity (7)]
  5909 | D:6      | Killed from afar by an electric eel

Illustrated notes

Levels and vault maps discovered:
D:1:      ncdulo_smallfort, layout_basic
D:2:      layout_basic, shapermc_ecumenical_altar_mp_ritualfount,
          chequers_serial_rivers_room_a, minmay_tall_x
D:3:      layout_basic, nicolae_qazlal_beasts_of_the_sky,
          nicolae_overflow_quartered_altars, nrook_campfire
D:4:      layout_loops_ring, mainiacjoe_overflow_six_doors_small,
          nicolae_gozag_seed_capital, minmay_temple_entry_arrows,
          ebering_ghost_rock_garden
D:5:      layout_basic, kennysheep_potato, uniq_prince_ribbit1
D:6:      gammafunk_steamed_eel, layout_loops_cross, serial_shops, shop,
          gup_sewer_entry_bowl
Temple:   cyrus_circular_temple

Skill      XL: |  1  2  3  4  5  6  7  8 |
---------------+-------------------------+-----
Armour         | 3 |  3.0
Dodging        | 1 2 3 |  3.0
Shields        | 3 4 5 6 7 8 |  8.4
Stealth        | 1 |  1.0
Throwing       | 1 2 |  2.0
Evocations     | 1 2 |  2.0
Fighting       | 4 |  4.0
Unarmed Combat | |  1.7

Action                     |  1- 3 |  4- 6 |  7- 9 || total
---------------------------+-------+-------+-------++-------
  Melee: Unarmed           |   171 |   132 |    97 ||   400
         Headbutt          |    23 |    27 |    38 ||    88
         Trident           |       |       |    74 ||    74
  Throw: Stone             |     1 |     6 |     6 ||    13
         Dart              |       |     6 |    14 ||    20
         Boomerang         |       |     2 |       ||     2
    Use: Scroll            |     1 |     1 |     3 ||     5
         Potion            |       |     3 |     6 ||     9
 Armour: Scale mail        |   104 |    62 |       ||   166
         Chain mail        |       |    23 |    57 ||    80
         Troll leather arm |       |       |    39 ||    39
  Dodge: Dodged            |    65 |    50 |    77 ||   192
  Block: Buckler           |    42 |    27 |    56 ||   125

Table legend: (Time is in decaauts)
 A = Elapsed time spent in this place.
 B = Non-inter-level travel time spent in this place.
 C = Inter-level travel time spent in this place.
 D = Time resting spent in this place.
 E = Time spent auto-exploring this place.
 F = Levels seen in this place.
 G = Mean time per level.
                   A        B        C        D        E       F      G
               +--------+--------+--------+--------+--------+-----+--------+
         Total |   5944 |   5272 |    672 |    576 |   3007 |   8 |  743.0 |
       Dungeon |   5741 |   5069 |    672 |    576 |   3007 |   6 |  956.8 |
        Temple |      1 |      1 |      0 |      0 |      0 |   1 |    1.0 |
         Sewer |    201 |    201 |      0 |      0 |      0 |   1 |  201.0 |
               +--------+--------+--------+--------+--------+-----+--------+

Top non-repeatable levels by time:
     D:3: 1120 daAuts
     D:2: 1042 daAuts
     D:1: 1005 daAuts
     D:4: 953 daAuts
     D:5: 898 daAuts
     D:6: 721 daAuts
   Sewer: 201 daAuts
  Temple: 1 daAuts
